 Dungeon Crawl Stone Soup version 0.28.0-43-g3370ac3207 (webtiles) character file.

Game seed: 10346138553417267967

139 pkoi the Insei (level 4, -4/37 HPs)
             Began as a Demigod Gladiator on Mar 24, 2022.
             Killed from afar by a gnoll (20 damage)
             ... with an iceblast
             ... on level 3 of the Dungeon.
             The game lasted 00:02:48 (2919 turns).

pkoi the Insei (Demigod Gladiator)                  Turns: 2919, Time: 00:02:49

Health: -4/37      AC:  4    Str: 15    XL:     4   Next: 70%
Magic:  6/6        EV: 12    Int: 14    God:
Gold:   103        SH:  0    Dex: 15    Spells: 3/3 levels left

rFire   . . .      SeeInvis .   i - +3 spear (venom)
rCold   . . .      Faith    .   (no shield)
rNeg    . . .      Spirit   .   a - +0 leather armour
rPois   .          Reflect  .   b - +0 helmet
rElec   .          Harm     .   (no cloak)
rCorr   .          Rampage  .   (no gloves)
Will    .....                   (no boots)
Stlth   +.........              (no amulet)
HPRegen 0.12/turn               (no ring)
MPRegen 0.10/turn               (no ring)

@: no status effects
A: high MP 1, forlorn, divine attributes
a: no special abilities


You were on level 3 of the Dungeon.
You visited 1 branch of the dungeon, and saw 3 of its levels.

You collected 103 gold pieces.

Inventory:

Hand Weapons
 e - a +0 spear
 i - a +3 spear of venom (weapon)
Missiles
 c - 3 throwing nets
 f - 3 javelins (quivered)
Armour
 a - a +0 leather armour (worn)
 b - a +0 helmet (worn)
Jewellery
 g - a ring of fire
Wands
 l - a wand of digging (6)
Potions
 h - a potion of ambrosia


   Skills:
 + Level 2.3 Fighting
 - Level 1.7 Throwing
 - Level 0.3 Armour
 - Level 3.0 Dodging
 * Level 4.5 Unarmed Combat
 + Level 1.1 Evocations


You had 3 spell levels left.
You didn't know any spells.
Your spell library was empty.

Dungeon Overview and Level Annotations

Branches:
Dungeon (3/15)


Innate Abilities, Weirdness & Mutations

You have an increased reservoir of magic. (+10% MP)
You shall have no god before yourself.
Your divine heritage dramatically boosts your attributes as you level up.


Message History

No target in view!
No target in view!
No target in view!
HP restored.
You see here 4 bolts.
A jackal comes into view.
You see here a jackal corpse.
A jackal is nearby!
A jackal is nearby!
The jackal completely misses you.
You barely miss the jackal. Your punch misses the jackal.
The jackal barely misses you.
You closely miss the jackal.
The jackal bites you but does no damage. x2
You completely miss the jackal. The jackal barely misses you.
You hit the jackal.
The jackal is poisoned.
Your punch misses the jackal.
The jackal is severely wounded.
The jackal bites you but does no damage.
The jackal closely misses you.
You closely miss the jackal.
The jackal is almost dead.
You kill the jackal!
No target in view!
No target in view!
No target in view!
No target in view! 2 gnolls come into view.
A gnoll is wielding a +0 spear and carrying a wand of iceblast (6).
The gnoll shouts! x2
There are monsters nearby!
There are monsters nearby!
The gnoll zaps a wand.
The mass of ice explodes!
The iceblast engulfs you!
The gnoll zaps a wand.
The mass of ice explodes!
The iceblast engulfs you!
* * * LOW HITPOINT WARNING * * *
You start resting.
A gnoll is nearby!
A necrophage comes into view.
The gnoll zaps a wand.
The mass of ice explodes!
The iceblast engulfs you!!
Ouch! That really hurt!
You die...

#...................
....###.###.........
### #)# #.....n.#
#.# #.##.g.##
#.###.#..#...
#...(.#.#####
####†g..# #...##
##.@## #....#
............#
..###..###....# #.##
###..# ## ..


You could see a necrophage and 2 gnolls.

Vanquished Creatures
  A scorpion (D:2)
  An adder (D:2)
  A shadow imp (D:3)
  2 worms (D:2)
  2 dart slugs
  4 ball pythons
  An endoplasm (D:3)
  4 giant cockroaches (D:1)
  3 goblins
  7 hobgoblins
  6 jackals
  A quokka (D:2)
  5 bats
  10 frilled lizards
  2 kobolds
  2 rats
52 creatures vanquished.

Notes
Turn   | Place    | Note
-------+----------+-------------------------------------------
     0 | D:1      | pkoi the Demigod Gladiator began the quest for the Orb.
     0 | D:1      | Reached XP level 1. HP: 17/17 MP: 3/3
    74 | D:1      | Reached skill level 3 in Unarmed Combat
   437 | D:1      | Reached XP level 2. HP: 24/24 MP: 4/4
  1172 | D:2      | Reached XP level 3. HP: 29/29 MP: 5/5
  1556 | D:2      | Reached skill level 4 in Unarmed Combat
  2296 | D:3      | Noticed a scorpion
  2324 | D:2      | Killed a scorpion
  2325 | D:2      | Reached skill level 1 in Evocations
  2325 | D:2      | Reached XP level 4. HP: 18/37 MP: 6/6
  2919 | D:3      | Noticed a necrophage
  2919 | D:3      | Killed from afar by a gnoll

Illustrated notes

Levels and vault maps discovered:
D:1:      dpeg_arrival_court, layout_loops_ring
D:2:      minmay_door_path, layout_loops_ring, basic_altar, serial_glass,
          glass_columns_a, glass_columns_c, glass_columns_b, glass_columns_c,
          st_stairs_6, hangedman_decor_diamond_cutter
D:3:      layout_rooms, nicolae_hepliaklqana_monster_ancestors, serial_shops,
          shop, corner_web_ring, grunt_ministairs_9

Skill      XL: |  1  2  3 |
---------------+----------+-----
Unarmed Combat | 3 4 |  4.5
Fighting       | 2 |  2.3
Dodging        | 3 |  3.0
Evocations     | 1 |  1.1
Throwing       | |  1.7
Armour         | |  0.3

Action                   |  1- 3 |  4- 6 || total
-------------------------+-------+-------++-------
Melee: Unarmed           |    43 |       ||    43
       Punch             |     5 |       ||     5
       Spear             |   101 |    14 ||   115
  Use: Scroll            |     1 |     4 ||     5
       Potion            |       |     3 ||     3
 Stab: Sleeping          |     1 |       ||     1
Armor: Leather armour    |    38 |     7 ||    45
Dodge: Dodged            |    79 |     9 ||    88
